 Dungeon Crawl Stone Soup version 0.30.1-11-g7821555f0a (webtiles) character file.

Game seed: 6062681369552367079

2008 comborobin the Basher (level 8, 0/59 HPs)
             Began as a Demigod Delver on Dec 16, 2023.
             Slain by an orc wizard
             ... wielding a +1 dagger of electrocution
              (2 damage)
             ... on level 7 of the Dungeon.
             The game lasted 00:08:20 (4691 turns).

comborobin the Basher (Demigod Delver)              Turns: 4691, Time: 00:08:20

Health: 0/59       AC:  9    Str: 21    XL:     8   Next: 71%
Magic:  14/14      EV: 11    Int: 12    God:
Gold:   295        SH:  0    Dex: 18    Spells: 9/11 levels left

rFire   . . .        b - +5 whip
rCold   . . .        (no shield)
rNeg    . . .        d - +0 ring mail
rPois   .            (no helmet)
rElec   .            (no cloak)
rCorr   .            f - +2 pair of gloves {Dex+3}
SInv    .            (no boots)
Will    .....        (no amulet)
Stlth   +            (no ring)
HPRegen 0.29/turn    (no ring)
MPRegen 0.14/turn

%: no passive effects
@: confused, lethally poisoned (0 -> -3), wereblooded
A: high MP 1, forlorn, divine attributes, frail 1, mutation resistance 1
a: no special abilities


You were on level 7 of the Dungeon.
You visited 1 branch of the dungeon, and saw 5 of its levels.
You also visited: Ossuary.

You collected 295 gold pieces.

Inventory:

Hand Weapons
 a - a +1 vampiric whip
 b - a +5 whip (weapon)
 l - a +0 flail
 q - a +0 mace
Missiles
 k - 2 throwing nets (quivered)
Armour
 d - a +0 ring mail (worn)
 f - a +2 pair of gloves of dexterity (worn)
 p - a +0 leather armour
 z - the +2 robe of Greed {Str+2}
   (You found it on level 7 of the Dungeon)

   Str:       It affects your strength (+2).
Jewellery
 v - a ring of resist corrosion
Wands
 i - a wand of flame (26)
 j - a wand of polymorph (9)
 o - a wand of paralysis (5)
 t - a wand of roots (2)
Scrolls
 c - 2 scrolls of fog
 e - 2 scrolls of fear
 g - 3 scrolls of identify
 h - a scroll of noise {unknown}
 n - a scroll of vulnerability
 r - a scroll of blinking
 y - a scroll of brand weapon {unknown}
Potions
 m - 2 potions of lignification
 s - a potion of invisibility
 u - a potion of ambrosia
 w - a potion of magic
 x - a potion of resistance
 B - a potion of berserk rage {unknown}


   Skills:
 + Level 4.0 Fighting
 * Level 8.0 Maces & Flails
 - Level 4.0 Armour
 - Level 1.7 Dodging
 - Level 4.5 Stealth
 - Level 2.0 Spellcasting
 - Level 3.0 Transmutations
 - Level 3.0 Evocations


You had 9 spell levels left.
You knew the following spells:

 Your Spells              Type           Power      Damage    Failure   Level
S - Wereblood             Tmut           8%         N/A       19%         2

Your spell library contained the following spells:

 Spells                   Type           Power      Damage    Failure   Level
 Sublimation of Blood     Necr           1%         N/A       54%         2
 Blade Hands              Tmut           4%         N/A       98%         5
 Irradiate                Conj/Tmut      2%         3d12      100%        5
 Dragon Form              Tmut           4%         N/A       100%        7
 Summon Hydra             Summ           0%         N/A       100%        7


Dungeon Overview and Level Annotations

Branches:
Dungeon (7/15)             Temple (0/1) D:6         Ossuary (visited)

Shops:
D:7 ?


Innate Abilities, Weirdness & Mutations

You have an increased reservoir of magic. (+10% MP)
You shall have no god before yourself.
Your divine heritage dramatically boosts your attributes as you level up.
You are frail. (-10% HP)
You are somewhat resistant to further mutation.


Message History

The grasping roots constrict the orc, but do no damage.
The grasping roots constrict the orc warrior, but do no damage.
You feel very sick.
You hear a shout!
The orc warrior hits you but does no damage.
Something hits you.
Deactivating autopickup; reactivate with Ctrl-A.
The orc hits you from afar with a +0 trident.
Unknown command.
Unknown command.
Unknown command.
You hit the orc warrior.
The orc warrior is heavily wounded.
The grasping roots constrict the orc.
The grasping roots constrict the orc warrior.
You feel sick.
The roots release their grip on the orc warrior.
You barely miss the orc warrior.
The orc warrior is severely wounded.
The grasping roots constrict the orc.
You kill the orc!
You feel sick. Something hits you but does no damage.
You are electrocuted!
You whack the orc warrior!
You feel a bit better.
You kill the orc warrior!
You feel sick. Something hits you but does no damage.
Your Fighting skill increases to level 4!
Your Maces & Flails skill increases to level 8!
You whack something!
You feel sick.
You whack something!
You feel sick. Something hits you but does no damage. Something hits you.
You are electrocuted!!
* * * LOW HITPOINT WARNING * * *
It was a potion of mutation.
You feel extremely strange.
You feel frail.
You feel genetically stable.
You howl as the wereblood boils in your veins!
* * * LOW HITPOINT WARNING * * *
You feel sick.
You hear some strange, mumbled words.
You are confused.
Something hits you.
You die...

................
#.......<..........
#..................
#..........<.......
###...$..............
.'....#####...........
#.)o.# #...........
#.){{# #........##.
######@### #.)......##.
#........###........##.
#...........>.....####.
#.................# #.
######+##.........# #.
#...........## #.
#####.......#####.
#####...........#.
#......####.....#.


You could see an orc wizard.

Vanquished Creatures
  An acid dragon (D:7)
  A water moccasin (D:5)
  An orc warrior (D:7)
  A black bear (D:6)
  An ice beast (D:5)
  A sky beast (D:6)
  An ogre (D:5)
  2 centaurs
  A phantom (D:5)
  3 bullfrogs
  An elf zombie (Ossuary)
  2 scorpions
  A centaur zombie (Ossuary)
  4 hounds
  3 human zombies (Ossuary)
  A jelly (D:4)
  2 orc priests
  A gnoll bouda (D:4)
  A sleepcap (D:4)
  3 iguanas (D:5)
  3 orc wizards
  2 mummies (Ossuary)
  3 gnolls (D:4)
  3 adders
  A shadow imp (D:6)
  3 white imps (D:6)
  3 ufetubi
  An adder zombie (Ossuary)
  13 orcs
  2 giant cockroaches (D:4)
  A goblin (D:4)
  2 hobgoblins (D:4)
  2 kobolds (D:4)
  A quokka (D:4)
  2 ball pythons (D:4)
  5 hobgoblin zombies (Ossuary)
  A jackal zombie (Ossuary)
  9 kobold zombies (Ossuary)
  14 orc zombies (Ossuary)
  2 rat zombies (Ossuary)
105 creatures vanquished.

Vanquished Creatures (others)
  An orc wizard (D:7)
1 creature vanquished.

Grand Total: 106 creatures vanquished

Notes
Turn   | Place    | Note
-------+----------+-------------------------------------------
     0 | D:5      | comborobin the Demigod Delver began the quest for the Orb.
     0 | D:5      | Reached XP level 1. HP: 18/18 MP: 3/3
    13 | D:5      | Noticed an ogre
    13 | D:5      | Noticed a phantom
    79 | D:5      | Killed a phantom
    80 | D:5      | Reached skill level 4 in Maces & Flails
    80 | D:5      | Reached XP level 2. HP: 25/25 MP: 4/4
    80 | D:5      | Reached XP level 3. HP: 30/30 MP: 5/5
   213 | D:5      | Reached XP level 4. HP: 30/37 MP: 6/6
   741 | D:4      | Found a sand-covered staircase.
   749 | Ossuary  | Entered an ossuary
   837 | Ossuary  | Reached skill level 5 in Maces & Flails
   880 | Ossuary  | Reached XP level 5. HP: 42/42 MP: 7/7
  1078 | Ossuary  | Reached skill level 6 in Maces & Flails
  1106 | Ossuary  | Reached XP level 6. HP: 36/50 MP: 8/8
  1582 | D:4      | Reached skill level 1 in Evocations
  2088 | D:5      | Reached XP level 7. HP: 47/56 MP: 9/9
  2148 | D:5      | Learned a level 2 spell: Wereblood
  2157 | D:5      | Reached skill level 7 in Maces & Flails
  2218 | D:5      | Reached skill level 1 in Transmutations
  2650 | D:5      | Reached skill level 1 in Spellcasting
  3069 | D:6      | Reached skill level 1 in Armour
  3074 | D:6      | Reached XP level 8. HP: 62/63 MP: 14/14
  3356 | D:6      | Found a staircase to the Ecumenical Temple.
  4166 | D:7      | Found Syihof's Magic Scroll Shoppe.
  4218 | D:7      | Identified the +2 robe of Greed {Str+2}
  4689 | D:7      | Reached skill level 8 in Maces & Flails
  4690 | D:7      | HP: 3/66 [something (19)]
  4691 | D:7      | Gained mutation: You are frail. (-10% HP) [potion of
                  | mutation]
  4691 | D:7      | Gained mutation: You are somewhat resistant to further
                  | mutation. [potion of mutation]
  4691 | D:7      | Slain by an orc wizard

Illustrated notes

Levels and vault maps discovered:
D:3:      layout_basic, serial_shops, nicolae_shop_real_fake_doors,
          dreamdust_ecumenical_altar_hidden_monk_grotto,
          ebering_ghost_rock_garden
D:4:      layout_basic, chequers_ossuary_entry_cave, roderic_roman_lattice
D:5:      layout_rooms, mainiacjoe_overflow_catwalk, st_stairs_6,
          grunt_ministairs_1, minivault_4, feat_on_display
D:6:      layout_loops_ring, elyvilon_altar_4, minmay_temple_entry_nine_rooms,
          serial_aquarium, aquarium_bridge_square [aquarium_subvault_bridge,
          aquarium_subvault_window, aquarium_subvault_bridge,
          aquarium_subvault_window], aquarium_window_fake, aquarium_window_fake,
          aquarium_window_3, aquarium_window_fake, aquarium_view_2g,
          aquarium_balcony_double_1, aquarium_pool_1
D:7:      layout_basic, grunt_gozag_statues, lemuel_coloured_pillars_altar,
          grunt_temple_overflow_open, serial_shops, nicolae_shop_behind_doors

Skill      XL: |  1  2  3  4  5  6  7  8 |
---------------+-------------------------+-----
Maces & Flails | 4 5 6 7 8 |  8.0
Evocations     | 3 |  3.0
Transmutations | 3 |  3.0
Spellcasting   | 2 |  2.0
Fighting       | 3 4 |  4.0
Armour         | 1 4 |  4.0
Dodging        | |  1.7
Stealth        | |  4.5

Action                     |  1- 3 |  4- 6 |  7- 9 || total
---------------------------+-------+-------+-------++-------
  Melee: Mace              |     3 |    11 |       ||    14
         Flail             |       |   201 |       ||   201
         Unarmed           |       |    13 |       ||    13
         Whip              |       |    19 |   208 ||   227
         Punch             |       |     3 |       ||     3
   Cast: Wereblood         |       |       |     5 ||     5
  Evoke: Wand              |     2 |     8 |     6 ||    16
    Use: Scroll            |     1 |     1 |    10 ||    12
         Potion            |       |     2 |     4 ||     6
   Stab: Sleeping          |     1 |     4 |     2 ||     7
         Paralysed         |       |     3 |     8 ||    11
         Distracted        |       |       |     1 ||     1
 Armour: Ring mail         |       |   116 |    90 ||   206
         Skin              |       |    11 |       ||    11
         Leather armour    |       |     6 |       ||     6
  Dodge: Dodged            |     2 |   117 |    83 ||   202
